 Dungeon Crawl Stone Soup version 0.30-a0-1018-g25214051b3 (webtiles) character file.

Game seed: 5347534992293307959

4414 funkygono the Cleaver (level 10, -1/87 (89) HPs)
             Began as a Minotaur Fighter on Apr 7, 2023.
             Was a Believer of Okawaru.
             Slain by Erica
             ... wielding a +1 scimitar of flaming
              (5 damage)
             ... on level 9 of the Dungeon.
             The game lasted 00:13:13 (7037 turns).

funkygono the Cleaver (Minotaur Fighter)            Turns: 7037, Time: 00:13:14

HP:   -1/87 (89)    AC: 15    Str: 26    XL:     10   Next: 14%
MP:   9/9           EV:  9    Int:  5    God:    Okawaru [**....]
Gold: 474           SH:  0    Dex: 11    Spells: 9/9 levels left

rFire   . . .      SeeInvis +    a - +0 war axe
rCold   . . .      Faith    .    c - +0 buckler
rNeg    + . .      Spirit   .    x - +0 chain mail
rPois   .          Reflect  +    (helmet restricted)
rElec   .          Rampage  .    u - +1 cloak
rCorr   .                        (no gloves)
Will    .....                    A - +0 pair of boots Stlth
                                 d - amulet of Apuicoirch {Reflect rN+ Str-4 SH+5 SInv}
HPRegen 0.34/turn                w - +4 ring of slaying
MPRegen 0.11/turn                o - +6 ring of strength

@: confused, slowed, lightly drained, very slow
A: horns 2, retaliatory headbutt
a: Renounce Religion, Heroism


You were on level 9 of the Dungeon.
You worshipped Okawaru.
Okawaru was pleased with you.
You visited 2 branches of the dungeon, and saw 10 of its levels.

You collected 474 gold pieces.

Inventory:

Hand Weapons
 a - a +0 war axe (weapon)
Missiles
 j - 11 boomerangs (quivered)
 l - 17 poisoned darts
 s - 5 javelins
 y - 3 atropa-tipped darts
Armour
 c - a +0 buckler (worn)
 u - a +1 cloak (worn)
 x - a +0 chain mail (worn)
 A - a +0 pair of boots (worn)
Jewellery
 d - the amulet of Apuicoirch (around neck) {Reflect rN+ Str-4 SH+5 SInv}
   (You acquired it on level 2 of the Dungeon)

   [amulet of reflection]

   It reflects blocked missile attacks.
   Str:       It affects your strength (-4).
   rN:        It protects you from negative energy.
   SInv:      It lets you see invisible.
   SH:        It affects your SH (+5).
 g - an amulet of the acrobat
 i - a ring of resist corrosion
 o - a +6 ring of strength (right hand)
 w - a +4 ring of slaying (left hand)
Wands
 p - a wand of flame (27)
 z - a wand of iceblast (7)
Scrolls
 b - 3 scrolls of teleportation
 e - 4 scrolls of blinking
 n - a scroll of fog
 B - 2 scrolls of magic mapping {unknown}
 C - a scroll of vulnerability {unknown}
 D - a scroll of enchant armour
Potions
 f - 3 potions of flight
 h - 3 potions of invisibility
 k - 2 potions of heal wounds
 m - 2 potions of mutation
 q - 3 potions of curing
 r - 2 potions of ambrosia
 t - a potion of brilliance {unknown}
 v - 2 potions of might


   Skills:
 + Level 8.3 Fighting
 + Level 11.5 Axes
 + Level 8.9 Armour
 + Level 3.3 Dodging
 + Level 0.8 Stealth
 + Level 7.8 Shields


You had 9 spell levels left.
You didn't know any spells.
Your spell library contained the following spells:

 Spells                   Type           Power      Damage    Failure   Level
 Blink                    Tloc           0%         N/A       99%         2
 Lesser Beckoning         Tloc           0%         N/A       99%         2
 Momentum Strike          Conj/Tloc      0%         3d8       99%         2
 Sublimation of Blood     Necr           0%         N/A       99%         2
 Dazzling Flash           Conj/Hex       0%         N/A       100%        3
 Gell's Gravitas          Tloc           0%         N/A       100%        3
 Teleport Other           Tloc           0%         N/A       100%        3
 Vhi's Electric Charge    Tloc/Air       0%         N/A       100%        3
 Petrify                  Tmut/Erth      0%         N/A       100%        4
 Agony                    Necr           0%         N/A       100%        5
 Arcjolt                  Conj/Air       0%         1d10      100%        5
 Irradiate                Conj/Tmut      0%         3d11      100%        5
 Silence                  Hex/Air        0%         N/A       100%        5
 Plasma Beam              Fire/Air       0%         2x1d11    100%        6


Dungeon Overview and Level Annotations

Branches:
Dungeon (9/15)             Temple (1/1) D:6            Lair (0/5) D:9
    Orc: D:9-12

Altars:
Ashenzari
Cheibriados
Dithmenos
Elyvilon
Fedhas
Gozag
Hepliaklqana
Kikubaaqudgha
Makhleb
Nemelex Xobeh
Okawaru
Qazlal
Ru
Sif Muna
Trog
Uskayaw
Vehumet
Wu Jian
Xom
Yredelemnul
Zin
The Shining One

Shops:
D:9 *

Annotations:
D:7 3 runed translucent doors, senseless's ghost, novice MiFi
D:9 Erica


Innate Abilities, Weirdness & Mutations

You have a pair of horns on your head.
You reflexively headbutt those who attack you in melee.


Message History

You feel very sick. You block the wight's attack.
Erica hits you with a +1 scimitar of flaming.
Erica burns you.
You feel better. The wight closely misses you.
Erica hits you with a +1 scimitar of flaming!
* * * LOW HITPOINT WARNING * * *
Erica burns you.
* * * LOW HITPOINT WARNING * * *
Erica points at you and mumbles some strange words.
You resist with significant effort. You block the wight's attack.
You slash Erica! Your headbutt misses Erica.
Erica is heavily wounded.
The wight hits you but does no damage. Erica hits you but does no damage.
You closely miss Erica.
Erica is heavily wounded.
The wight hits you from afar with a +0 halberd.
* * * LOW HITPOINT WARNING * * *
You partially resist.
You feel drained. Erica closely misses you. You furiously retaliate!
You headbutt Erica! Erica casts a spell at you.
You are confused.
The wight hits you from afar with a +0 halberd.
* * * LOW HITPOINT WARNING * * *
You partially resist.
You feel drained.
You slice Erica!! Your headbutt misses Erica.
Erica is almost dead.
The wight barely misses you.
Erica hits you with a +1 scimitar of flaming.
* * * LOW HITPOINT WARNING * * *
Erica burns you.
* * * LOW HITPOINT WARNING * * *
You miss Erica.
Erica is almost dead.
The wight closely misses you. Erica misses you.
Erica screams, "Coming here was suicide!
For you!"
Erica hits you with a +1 scimitar of flaming!
* * * LOW HITPOINT WARNING * * *
Erica burns you.
You die...

#..###
#....#####
#........##
#...#.#...####
#..#...#.....
##....∩...#.#
#...#...#.!!#
#...[#.#.)###
...#....@@...#
##.###.####z#.#
#.# ## ....< ##
..###.# ... .
..## ..#


You could see Erica (invisible) and a wight.

Vanquished Creatures
  Pikel (D:9)
  Prince Ribbit (D:6)
  3 dream sheep (D:7)
  A wraith (D:9)
  Sigmund (D:2)
  Eustachio (D:4)
  2 water moccasins
  2 black bears
  An ice beast (D:6)
  2 sky beasts
  2 ogres
  3 centaurs
  A lemure (D:9)
  A phantom (D:7)
  5 bullfrogs
  A scorpion (D:5)
  6 wights
  4 howler monkeys
  A jelly (D:5)
  Crazy Yiuf (D:2)
  2 gnoll boudas
  3 hounds
  4 orc priests
  4 iguanas
  A sleepcap (D:5)
  Natasha (thrice) (D:3)
  2 orc wizards
  Robin (D:2)
  5 gnolls
  8 adders
  A white imp (D:5)
  An ufetubus (D:4)
  A worm (D:2)
  2 dart slugs
  15 orcs
  13 endoplasms
  6 giant cockroaches
  10 hobgoblins
  6 jackals
  5 quokkas
  13 ball pythons
  5 bats
  4 frilled lizards
  18 goblins
  2 kobolds
  2 rats
177 creatures vanquished.

Vanquished Creatures (others)
  7 fungi
  A plant (D:9)
8 creatures vanquished.

Grand Total: 185 creatures vanquished

Notes
Turn   | Place    | Note
-------+----------+-------------------------------------------
     0 | D:1      | funkygono the Minotaur Fighter began the quest for the Orb.
     0 | D:1      | Reached XP level 1. HP: 19/19 MP: 0/0
    55 | D:1      | Reached XP level 2. HP: 20/27 MP: 1/1
   235 | D:1      | Reached XP level 3. HP: 32/33 MP: 2/2
   726 | D:2      | Reached skill level 3 in Axes
   739 | D:2      | Noticed Robin
   765 | D:2      | Killed Robin
   766 | D:2      | Reached XP level 4. HP: 40/41 MP: 3/3
   943 | D:2      | Noticed Sigmund
   999 | D:2      | Killed Sigmund
  1000 | D:2      | Reached skill level 4 in Axes
  1000 | D:2      | Reached skill level 5 in Armour
  1000 | D:2      | Reached skill level 1 in Dodging
  1000 | D:2      | Reached XP level 5. HP: 15/47 MP: 4/4
  1151 | D:2      | Found a runed translucent door.
  1152 | D:2      | Noticed Crazy Yiuf
  1222 | D:2      | Reached XP level 6. HP: 53/55 MP: 5/5
  1424 | D:2      | Killed Crazy Yiuf
  1457 | D:2      | Identified a scroll of acquirement
  1457 | D:2      | Acquired the amulet of Apuicoirch {Reflect rN+ Str-4 SH+5
                  | SInv}
  1548 | D:3      | Noticed Natasha
  1552 | D:3      | Killed Natasha
  1556 | D:3      | Noticed a sky beast
  1569 | D:3      | Killed a sky beast
  1570 | D:3      | Reached skill level 5 in Fighting
  1570 | D:3      | Reached skill level 5 in Axes
  1833 | D:3      | Noticed Natasha
  1841 | D:3      | Killed Natasha
  1842 | D:3      | Reached XP level 7. HP: 48/61 MP: 6/6
  1910 | D:3      | Noticed Natasha
  1920 | D:3      | Killed Natasha
  2404 | D:4      | Reached skill level 6 in Axes
  2581 | D:4      | Identified the +0 robe of Seih {rPois rC- Str+2}
  2650 | D:4      | Noticed Eustachio
  2661 | D:4      | Killed Eustachio
  2662 | D:4      | Reached skill level 5 in Shields
  2779 | D:4      | Reached skill level 7 in Axes
  3081 | D:5      | Entered Level 5 of the Dungeon
  3126 | D:5      | Reached XP level 8. HP: 56/70 MP: 7/7
  3218 | D:5      | Identified the +0 ring mail of Cocytus {rPois rN+}
  3530 | D:5      | Reached skill level 8 in Axes
  3556 | D:5      | Found a white marble altar of Elyvilon.
  3568 | D:5      | Found a glowing golden altar of the Shining One.
  3986 | D:6      | Noticed Prince Ribbit
  4030 | D:5      | Reached skill level 9 in Axes
  4221 | D:6      | Killed Prince Ribbit
  4222 | D:6      | Reached XP level 9. HP: 35/78 MP: 8/8
  4573 | D:6      | Found a staircase to the Ecumenical Temple.
  4582 | Temple   | Entered the Ecumenical Temple
  4615 | Temple   | Became a worshipper of Warmaster Okawaru
  5049 | D:7      | Reached skill level 10 in Axes
  5050 | D:7      | Reached * piety under Okawaru
  5119 | D:7      | Found a runed translucent gate.
  5120 | D:7      | Found a runed translucent gate.
  5120 | D:7      | Found a runed translucent gate.
  5124 | D:7      | Noticed senseless's ghost (novice MiFi)
  6376 | D:8      | Reached skill level 11 in Axes
  6625 | D:8      | Reached ** piety under Okawaru
  6654 | D:8      | Noticed a +0 spear
  6655 | D:8      | Noticed a +0 short sword
  6655 | D:8      | Noticed a +0 dagger
  6655 | D:8      | Noticed a +0 falchion
  6655 | D:8      | Noticed a +0 dagger
  6657 | D:8      | Noticed a +0 short sword
  6658 | D:8      | Noticed a +0 falchion
  6658 | D:8      | Noticed a +0 spear
  6671 | D:8      | Found a hide-covered altar of Uskayaw.
  6896 | D:9      | Found a staircase to the Lair.
  6913 | D:9      | Reached XP level 10. HP: 87/88 MP: 9/9
  6919 | D:9      | Noticed Pikel
  6936 | D:9      | Killed Pikel
  7011 | D:9      | Found Wyqaz's Overcharged Wands.
  7020 | D:9      | Noticed Erica
  7037 | D:9      | HP: 4/87 [Erica/+1 scimitar of flaming (10)]
  7037 | D:9      | Slain by Erica

Illustrated notes

Levels and vault maps discovered:
D:1:      minmay_arrival_five_plusses, layout_rooms
D:2:      layout_rooms, minmay_goblin_outpost, uniq_robin,
          uniq_crazy_yiuf_cottage, uniq_sigmund
D:3:      layout_loops_ring, uniq_natasha
D:4:      layout_cave_pools, uniq_eustachio
D:5:      layout_basic, mainiacjoe_overflow_large_starburst
D:6:      layout_basic, minmay_temple_entry_glass, uniq_prince_ribbit1
D:7:      layout_layer_cave, ebering_ghost_rock_garden, nicolae_hexahallways,
          minmay_fountain_box, dreamdust_gnoll_shepherd
D:8:      layout_basic, nicolae_uskayaw_en_pointe
D:9:      layout_loops_ring, dpeg_oklobed_lair, minmay_orc_entry_guard_dogs,
          nicolae_shop_overcharged_wands, uniq_erica, uniq_pikel
Temple:   nicolae_temple_bog_church

Skill      XL: |  1  2  3  4  5  6  7  8  9 |
---------------+----------------------------+-----
Fighting       | 4 5 6 8 |  8.3
Armour         | 4 5 6 7 8 |  8.9
Shields        | 4 5 6 7 |  7.8
Axes           | 3 4 5 7 9 11 | 11.5
Dodging        | 1 2 3 |  3.3
Stealth        | |  0.8

Action                     |  1- 3 |  4- 6 |  7- 9 | 10-12 || total
---------------------------+-------+-------+-------+-------++-------
  Melee: War axe           |    80 |   128 |   242 |    21 ||   471
         Headbutt          |     5 |    20 |    44 |     5 ||    74
  Throw: Boomerang         |       |     2 |       |       ||     2
    Use: Potion            |       |     1 |       |     2 ||     3
         Scroll            |       |     9 |     9 |       ||    18
 Armour: Scale mail        |    29 |    41 |    31 |       ||   101
         Chain mail        |       |       |    72 |    10 ||    82
  Dodge: Dodged            |    44 |    47 |   117 |    11 ||   219
  Block: Buckler           |    15 |    43 |   142 |     8 ||   208
         Reflection        |       |       |     8 |       ||     8

Table legend: (Time is in decaauts)
 A = Elapsed time spent in this place.
 B = Non-inter-level travel time spent in this place.
 C = Inter-level travel time spent in this place.
 D = Time resting spent in this place.
 E = Time spent auto-exploring this place.
 F = Levels seen in this place.
 G = Mean time per level.
                   A        B        C        D        E       F      G
               +--------+--------+--------+--------+--------+-----+--------+
         Total |   7163 |   6917 |    246 |    116 |   5311 |  10 |  716.3 |
       Dungeon |   6976 |   6754 |    222 |    116 |   5171 |   9 |  775.1 |
        Temple |    187 |    163 |     24 |      0 |    140 |   1 |  187.0 |
               +--------+--------+--------+--------+--------+-----+--------+

Top non-repeatable levels by time:
     D:7: 1332 daAuts
     D:5: 979 daAuts
     D:2: 962 daAuts
     D:3: 915 daAuts
     D:6: 763 daAuts
     D:4: 701 daAuts
     D:1: 592 daAuts
     D:8: 550 daAuts
  Temple: 187 daAuts
     D:9: 178 daAuts
